 Dungeon Crawl Stone Soup version 0.30-a0-939-gc8157cb160 (webtiles) character file.

Game seed: 9152868622484122961

46 Lobster4 the Ducker (level 3, 0/29 HPs)
             Began as a Djinni Gladiator on Mar 25, 2023.
             Slain by Natasha (6 damage)
             ... on level 2 of the Dungeon.
             The game lasted 00:04:20 (1384 turns).

Lobster4 the Ducker (Djinni Gladiator)              Turns: 1384, Time: 00:04:20

Health: 0/29       AC:  4    Str: 13    XL:     3   Next: 92%
Gold:   66         EV: 12    Int: 11    God:
                   SH:  0    Dex: 14

rFire   + + .      SeeInvis .    a - +0 quarterstaff
rCold   x . .      Faith    .    (shield currently unavailable)
rNeg    . . .      Spirit   .    b - +0 leather armour
rPois   ∞          Reflect  .    c - +0 helmet
rElec   .          Rampage  .    (no cloak)
rCorr   .                        (no gloves)
Will    .....                    (boots unavailable)
Stlth   +                        (no amulet)
HPRegen 0.24/turn                (no ring)
MPRegen 0.00/turn                (no ring)

@: flying, very slightly contaminated
A: sickness immunity, fire resistance 2, cold vulnerability 1, float, innate
caster, HP casting, extra vitality 1
a: no special abilities


You were on level 2 of the Dungeon.
You visited 1 branch of the dungeon, and saw 2 of its levels.

You collected 84 gold pieces.
You spent 18 gold pieces at shops.

Inventory:

Hand Weapons
 a - a +0 quarterstaff (weapon)
 e - a +2 dagger of pain
 i - a +0 short sword
Missiles
 d - 2 throwing nets (quivered)
 h - 19 stones
 j - a javelin
Armour
 b - a +0 leather armour (worn)
 c - a +0 helmet (worn)
Scrolls
 f - a scroll of poison {unknown}
 g - 2 scrolls of immolation
 m - a scroll of teleportation {unknown}
 n - a scroll of enchant weapon {unknown}
Potions
 k - a potion of heal wounds
 l - a potion of curing
 o - a potion of magic {unknown}


   Skills:
 + Level 2.4 Fighting
 + Level 2.9 Staves
 + Level 2.0 Throwing
 + Level 1.0 Armour
 + Level 3.5 Dodging
 + Level 0.6 Spellcasting


You knew the following spells:

 Your Spells              Type           Power      Damage    Failure   Level
a - Shock                 Conj/Air       4%         1d3       32%         1
Your spell library was empty.

Dungeon Overview and Level Annotations

Branches:
Dungeon (2/15)

Altars:

Shops:
D:1 *

Annotations:
D:2 Natasha, Robin


Innate Abilities, Weirdness & Mutations

You are immune to sickness and miasma.
You are immune to poison.
Your flesh is very heat resistant. (rF++)
You are vulnerable to cold. (rC-)
You float through the air rather than walking.
You learn spells naturally, not from books.
Your magical power is your life essence.
You have superior vitality. (+4 MHP)


Message History

Press: ? - help, Shift-Dir - straight line, f/p - Natasha
Aim: Natasha (55% to hit)
The zap hits Natasha.
Natasha is lightly wounded.
Casting: Shock (safe; 32% risk of failure)
Confirm with . or Enter, or press ? or * to list all spells.
Aiming: Shock (safe; 32% risk of failure)
Press: ? - help, Shift-Dir - straight line, f/p - Natasha
Aim: Natasha (lightly wounded, 55% to hit)
You miscast Shock.
You are very lightly contaminated with residual magic.
Nothing appears to happen.
Natasha barely misses you.
Casting: Shock (safe; 32% risk of failure)
Confirm with . or Enter, or press ? or * to list all spells.
Aiming: Shock (safe; 32% risk of failure)
Press: ? - help, Shift-Dir - straight line, f/p - Natasha
Aim: Natasha (lightly wounded, 55% to hit)
The zap hits Natasha.
Natasha is heavily wounded.
The zap hits the shadow imp.
The shadow imp is lightly wounded.
Natasha mumbles some strange words.
Natasha shimmers violently.
Natasha claws you.
You hit Natasha.
Natasha is severely wounded.
Natasha claws you.
You closely miss Natasha.
Natasha is severely wounded.
Natasha claws you.
The shadow imp grinds its teeth.
You completely miss Natasha.
Natasha is severely wounded.
Natasha mumbles some strange words. x2
You completely miss Natasha.
Natasha is severely wounded.
The white imp hits you. The white imp freezes you!
You feel a terrible chill!
* * * LOW HITPOINT WARNING * * *
Natasha claws you.
You die...

K.#.. .#.# #
..###.# #.
###.....# ?.
#...# #.#..##
#..K5# ##.#h#
#.#@# ..#5#
#.. ####.# ###
#.. #.# #..
#.. #.# #.#
#.# #.# #.#
#.#
#.####.####.#
#.........#.#
######.##.#.##


You could see Natasha, a white imp (summoned), a shadow imp (summoned) and a
kobold.

Vanquished Creatures
  A gnoll (D:1)
  4 bats
  2 endoplasms (D:1)
  A giant cockroach (D:1)
  6 hobgoblins
  2 jackals (D:1)
  3 kobolds (D:1)
  A quokka (D:1)
  4 ball pythons
  5 goblins
  3 rats (D:1)
32 creatures vanquished.

Notes
Turn   | Place    | Note
-------+----------+-------------------------------------------
     0 | D:1      | Lobster4 the Djinni Gladiator began the quest for the Orb.
     0 | D:1      | Reached XP level 1. HP: 18/18 MP: 0/0
   131 | D:1      | Found a faded altar of an unknown god.
   159 | D:1      | Reached XP level 2. HP: 20/23 MP: 0/0
   305 | D:1      | Reached XP level 3. HP: 28/28 MP: 0/0
   305 | D:1      | Learned a level 1 spell: Shock
   880 | D:1      | Found Noabluny's Assorted Antiques.
   933 | D:1      | Bought a scroll labelled HASIRICIUJO for 18 gold pieces
  1176 | D:2      | Reached skill level 1 in Armour
  1275 | D:2      | Noticed Robin
  1371 | D:2      | Noticed Natasha
  1384 | D:2      | Slain by Natasha

Illustrated notes

Levels and vault maps discovered:
D:1:      scummos_arrival_star, layout_basic, hellmonk_ecumenical_altar_blasted,
          serial_shops, nicolae_shop_hallway_stairs
D:2:      layout_loops_ring, basic_altar, uniq_robin, uniq_natasha, uniq_terence

Skill      XL: |  1  2  3 |
---------------+----------+-----
Armour         | 1 |  1.0
Throwing       | 2 |  2.0
Fighting       | |  2.4
Staves         | |  2.9
Dodging        | |  3.5
Spellcasting   | |  0.6

Action                     || total
---------------------------++-------
  Melee: Quarterstaff      ||    89
  Throw: Throwing net      ||     3
         Javelin           ||     2
   Cast: Shock             ||     8
    Use: Scroll            ||     3
 Armour: Leather armour    ||    30
  Dodge: Dodged            ||    62

Table legend: (Time is in decaauts)
 A = Elapsed time spent in this place.
 B = Non-inter-level travel time spent in this place.
 C = Inter-level travel time spent in this place.
 D = Time resting spent in this place.
 E = Time spent auto-exploring this place.
 F = Levels seen in this place.
 G = Mean time per level.
                   A        B        C        D        E       F      G
               +--------+--------+--------+--------+--------+-----+--------+
         Total |   1397 |   1370 |     27 |      0 |   1084 |   2 |  698.5 |
       Dungeon |   1397 |   1370 |     27 |      0 |   1084 |   2 |  698.5 |
               +--------+--------+--------+--------+--------+-----+--------+

Top non-repeatable levels by time:
     D:1: 1161 daAuts
     D:2: 235 daAuts
